 Dungeon Crawl Stone Soup version 0.21-a0-142-gdd972a7 (webtiles) character file.

54 Gorice the Grave Robber (level 3, 0/24 HPs)
             Began as a Demonspawn Necromancer on July 22, 2017.
             Slain by a bat (1 damage)
             ... on level 2 of the Dungeon.
             The game lasted 00:05:37 (1885 turns).

Gorice the Grave Robber (Demonspawn Necromancer)    Turns: 1885, Time: 00:05:38

Health: 0/24       AC:  3    Str:  9    XL:     3   Next: 66%
Magic:  6/6        EV: 12    Int: 16    God:
Gold:   60         SH:  0    Dex: 13    Spells: 5/7 levels left

rFire    . . .     SeeInvis .   a - +0 trident
rCold    . . .     Gourm    .   (no shield)
rNeg     . . .     Faith    .   l - +0 robe
rPois    .         Spirit   .   (no helmet)
rElec    .         Reflect  .   j - +0 cloak
rCorr    .         Harm     .   (no gloves)
MR       .....                  (no boots)
Stlth    ++........             (no amulet)
HPRegen  0.08/turn              (no ring)
MPRegen  0.10/turn              (no ring)

@: no status effects
A: powered by pain 1
a: no special abilities


You were on level 2 of the Dungeon.
You were hungry.

You visited 1 branch of the dungeon, and saw 2 of its levels.

You collected 60 gold pieces.

Inventory:

Hand Weapons
 a - a +0 trident (weapon)
 f - a +0 hand axe
 i - a +0 whip
Missiles
 e - 6 needles of paralysis
 k - 13 sling bullets
 Z - 42 stones (quivered)
Armour
 j - a +0 cloak (worn)
 l - a +0 robe (worn)
Scrolls
 d - a scroll of teleportation {unknown}
 h - 4 scrolls of identify {unknown}
Books
 b - a book of Necromancy
Comestibles
 c - a bread ration {!e}


   Skills:
 - Level 1.7 Dodging
 - Level 1.7 Stealth
 + Level 2.6 Spellcasting
 * Level 5.5 Necromancy


You had 5 spell levels left.
You knew the following spells:

 Your Spells              Type           Power        Failure   Level  Hunger
a - Pain                  Necr           ###.         1%          1    #......
b - Animate Skeleton      Necr           N/A          1%          1    #......


Dungeon Overview and Level Annotations

Branches:
Dungeon (2/15)

Altars:
Sif Muna
Yredelemnul


Innate Abilities, Weirdness & Mutations

You sometimes gain a little power by taking damage.


Message History

You kill the gnoll!
Damage: 1 (max 1)
Casting: Pain
Confirm with . or Enter, or press ? or * to list all spells.
Aiming: Pain
Press: ? - help, Shift-Dir - straight line, f - gnoll
Aim: a gnoll (chance to defeat MR: 84%)
The gnoll barely resists.
Damage: 1 (max 1)
Casting: Pain
Confirm with . or Enter, or press ? or * to list all spells.
Aiming: Pain
Press: ? - help, Shift-Dir - straight line, f/p - gnoll
Aim: a gnoll (chance to defeat MR: 84%)
The gnoll writhes in agony!
Damage: 1 (max 1)
You climb upwards.
There is a stone staircase leading down here.
You start resting.
You are feeling hungry.
You start resting.
Magic restored.
You climb downwards.
The gnoll hits you but does no damage. The gnoll hits you.
The gnoll hits you with a spear!
There is a stone staircase leading up here.
Damage: 8 (max 8) Unknown command.
The gnoll hits you.
* * * LOW HITPOINT WARNING * * *
The gnoll hits you from afar with a spear!
* * * LOW HITPOINT WARNING * * *
Damage: 11 (max 11)
The gnoll hits you.
* * * LOW HITPOINT WARNING * * *
Damage: 2 (max 11)
You aren't carrying any potions.
Unknown command.
Found a viscous grey potion.
You see here a viscous grey potion.
Found a scroll labeled PEITIULL GILL.
Found 13 bolts.
A bat comes into view.
The bat hits you but does no damage.
You miss the bat. The bat completely misses you. The gnoll hits you.
* * * LOW HITPOINT WARNING * * *
The gnoll misses you. The gnoll closely misses you.
Damage: 3 (max 11) Unknown command.
The bat barely misses you. The bat hits you.
You die...

#.#.##.# ##...##
#.#.##.# ##...#
.....#.# #...##
.#...#.# ##...#
.#...#.# #...##
##...#.# ##g.(#
.......# #g..#
....>.<##########...#.#
...(....).......@b....#
#################.#####
#.# #.# #.# #.# #.# .#


You could see 2 gnolls and a bat.

Vanquished Creatures
  A gnoll (D:2)
  2 adders (D:2)
  3 giant cockroaches (D:1)
  2 goblins (D:1)
  7 hobgoblins
  A kobold (D:2)
  A quokka (D:1)
  4 bats
  3 rats
24 creatures vanquished.

Vanquished Creatures (collateral kills)
  A dart slug (D:1)
1 creature vanquished.

Grand Total: 25 creatures vanquished

Notes
Turn   | Place    | Note
-------+----------+-------------------------------------------
     0 | D:1      | Gorice the Demonspawn Necromancer began the quest for the Orb.
     0 | D:1      | Reached XP level 1. HP: 13/13 MP: 3/3
     2 | D:1      | Learned a level 1 spell: Animate Skeleton
   188 | D:1      | HP: 2/13 [hobgoblin/club (2)]
   593 | D:1      | Gained mutation: You sometimes gain a little power by taking damage. [demonic ancestry]
   593 | D:1      | Reached XP level 2. HP: 18/19 MP: 0/5
   807 | D:1      | Reached skill level 5 in Necromancy
  1361 | D:2      | HP: 5/19 [adder (5)]
  1362 | D:2      | Reached XP level 3. HP: 7/24 MP: 0/6
  1369 | D:2      | HP: 3/24 [poisoned by an adder]
  1690 | D:2      | Found a basalt altar of Yredelemnul.
  1739 | D:2      | Found a deep blue altar of Sif Muna.
  1848 | D:2      | HP: 3/24 [gnoll/spear (7)]
  1849 | D:2      | HP: 1/24 [gnoll (2)]
  1884 | D:2      | HP: 1/24 [gnoll (3)]
  1885 | D:2      | Slain by a bat

Vault maps used:
D:1:      eino_arrival_water_cross
D:2:      wad_lake_hut, kennysheep_ying_yang, nicolae_overflow_crystal_walls,
          doesnt_xom_only_xom, serial_curves, eino_curves_04, eino_curves_01,
          minmay_statues_item, uniq_jessica

Skill      XL: |  1  2 |
---------------+-------+-----
Necromancy     | 5 |  5.5
Dodging        | |  1.7
Stealth        | |  1.7
Spellcasting   | |  2.6

Action                   || total
-------------------------++-------
Melee: Trident           ||     1
 Cast: Pain              ||    58
       Animate Skeleton  ||    11
  Eat: Chunk             ||     3
Armor: Robe              ||     4
Dodge: Dodged            ||    15

Table legend:
 A = Turns spent in this place as a percentage of turns spent in the entire game.
 B = Non-inter-level travel turns spent in this place as a percentage of non-inter-level travel turns spent in the entire game.
 C = Inter-level travel turns spent in this place as a percentage of turns spent in this place.
 D = Turns resting spent in this place as a percentage of non-inter-level travel turns spent in this place.
 E = Turns spent auto-exploring this place as a percentage of non-inter-level travel turns spent in this place.
 F = Non-inter-level travel turns spent in this place divided by the number of levels of this place that you've seen.
                   A       B       C       D       E      F
               +-------+-------+-------+-------+-------+----------------------
         Total | 100.0 | 100.0 |   0.2 |   7.4 |   6.6 | 235.0
       Dungeon | 100.0 | 100.0 |   0.2 |   7.4 |   6.6 | 235.0
               +-------+-------+-------+-------+-------+----------------------

Vault maps used:
D:1:      eino_arrival_water_cross
D:2:      wad_lake_hut, kennysheep_ying_yang, nicolae_overflow_crystal_walls,
          doesnt_xom_only_xom, serial_curves, eino_curves_04, eino_curves_01,
          minmay_statues_item, uniq_jessica
